 Dungeon Crawl Stone Soup version 0.28-a0-697-g47f3eba078 (webtiles) character file.

Game seed: 2915705807801616715

2027 funkygono the Magician (level 9, -7/47 HPs)
             Began as a Gargoyle Fire Elementalist on Oct 23, 2021.
             Mangled by Edmund (10 damage)
             ... on level 5 of the Dungeon.
             The game lasted 00:23:00 (6852 turns).

funkygono the Magician (Gargoyle Fire Elementalist) Turns: 6852, Time: 00:23:01

Health: -7/47      AC: 10    Str: 12    XL:     9   Next: 23%
Magic:  16/19      EV: 12    Int: 19    God:
Gold:   286        SH:  0    Dex: 10    Spells: 12/22 levels left

rFire   . . .      SeeInvis .   f - +3 whip (venom)
rCold   . . .      Faith    .   (no shield)
rNeg    + . .      Spirit   .   a - +0 robe
rPois   ∞          Reflect  .   k - +2 hat
rElec   +          Harm     .   (no cloak)
rCorr   .          Rampage  .   (no gloves)
Will    .....                   (no boots)
Stlth   ++........              (no amulet)
HPRegen 0.15/turn               s - ring of wizardry
MPRegen 0.16/turn               (no ring)

@: no status effects
A: sickness immunity, AC +6, negative energy resistance 1, electricity
resistance, torment resistance 1, petrification resistance
a: no special abilities


You were on level 5 of the Dungeon.
You visited 1 branch of the dungeon, and saw 5 of its levels.
You also visited: Sewer.

You collected 286 gold pieces.

Inventory:

Hand Weapons
 d - a +1 whip of electrocution
 f - a +3 whip of venom (weapon)
 i - a +0 flail
 p - a +1 whip of flaming
Missiles
 e - 73 stones
Armour
 a - a +0 robe (worn)
 g - a +0 helmet
 k - a +2 hat (worn)
 n - a +0 troll leather armour {Purgy}
Magical Staves
 j - a staff of air
 r - a staff of poison
Jewellery
 s - a ring of wizardry (left hand)
Wands
 u - a wand of flame (12)
Scrolls
 q - a scroll of identify
Potions
 b - a potion of lignification {unknown}
 h - a potion of heal wounds {unknown}
 l - 3 potions of attraction
 m - a potion of might {unknown}
 o - a potion of berserk rage


   Skills:
 + Level 1.4 Fighting
 + Level 1.3 Maces & Flails
 + Level 2.5 Dodging
 - Level 2.1 Stealth
 * Level 7.2 Spellcasting
 * Level 5.7 Conjurations
 * Level 7.2 Fire Magic


You had 12 spell levels left.
You knew the following spells:

 Your Spells              Type           Power      Damage    Failure   Level
a - Foxfire               Conj/Fire      100%       2x1d9     1%          1
b - Scorch                Fire           68%        2d8       1%          2
c - Conjure Flame         Conj/Fire      31%        6-21      1%          3
d - Flame Wave            Conj/Fire      31%        3d7       2%          4

Your spell library contained the following spells:

 Spells                   Type           Power      Damage    Failure   Level
 Inner Flame              Hex/Fire       20%        N/A       2%          3
 Animate Skeleton         Necr           12%        N/A       4%          1
 Apportation              Tloc           12%        N/A       4%          1
 Summon Small Mammal      Summ           24%        N/A       4%          1
 Ensorcelled Hibernation  Hex/Ice        12%        N/A       6%          2
 Slow                     Hex            6%         N/A       6%          2
 Confusing Touch          Hex            6%         N/A       12%         3
 Gell's Gravitas          Tloc           3%         N/A       12%         3
 Lesser Beckoning         Tloc           6%         N/A       12%         3
 Spider Form              Tmut/Pois      3%         N/A       12%         3
 Teleport Other           Tloc           6%         N/A       12%         3
 Vampiric Draining        Necr           3%         2d6       12%         3


Dungeon Overview and Level Annotations

Branches:
Dungeon (5/15)              Sewer (visited)
 Temple: D:4-7

Altars:

Shops:
D:2 (

Annotations:
D:5 Edmund


Innate Abilities, Weirdness & Mutations

You are immune to sickness and miasma.
Your stone body is resilient. (AC +6)
You are immune to poison.
You resist negative energy. (rN+)
You are resistant to electric shocks. (rElec)
You are resistant to unholy torment.
You are immune to petrification.


Message History

Flames lash Edmund but do no damage.
Edmund closely misses you.
Unknown command.
Casting: Scorch (safe; 1% risk of failure)
Confirm with . or Enter, or press ? or * to list all spells.
Flames lash Edmund but do no damage.
Edmund hits you with a +2 dire flail of protection!
Unknown command.
Edmund is no longer more vulnerable to fire.
Edmund hits you but does no damage.
You hit Edmund but do no damage.
Edmund is poisoned.
Edmund is lightly wounded.
Edmund hits you with a +2 dire flail of protection.
Edmund hits you with a +2 dire flail of protection!
You see here 12 bolts.
Edmund looks more healthy.
There is a stone staircase leading up here.
You hit Edmund but do no damage.
Edmund is poisoned.
Edmund is moderately wounded.
Edmund hits you with a +2 dire flail of protection.
Edmund hits you with a +2 dire flail of protection!
* * * LOW HITPOINT WARNING * * *
Edmund looks more healthy.
You feel better.
Edmund hits you with a +2 dire flail of protection!
* * * LOW HITPOINT WARNING * * *
Unknown command.
Casting: Scorch (safe; 1% risk of failure)
Confirm with . or Enter, or press ? or * to list all spells.
You conjure some foxfire!
Edmund hits you with a +2 dire flail of protection!
* * * LOW HITPOINT WARNING * * *
The foxfire hits Edmund but does no damage.
Edmund is moderately wounded.
The foxfire hits Edmund but does no damage.
Edmund is moderately wounded.
You see here a +0 chain mail.
You see here 12 bolts.
There is a stone staircase leading up here.
Edmund hits you with a +2 dire flail of protection!
You die...

##..........# .###. #.
#...##.....#.. ...#.#######
###..#........##
####.##..#.#... #...##....##.#
#.##...........
##.#.........###....# #.......
#...#....#..........####......
###......#..........##.#....#.
##.>......................##.
##...........@@..(.##.#.......
#.........#.###...[..##..#.##.
###....#.................##...
##.####...........#.........
####..).......†.###........
#..#.#.........####.....
##......####............
#.......# ###..##......
#......## ###........


You could see Edmund.

Vanquished Creatures
  Pikel (D:4)
  Grinder (D:5)
  Purgy (Sewer)
  2 black bears (D:4)
  2 sky beasts (D:5)
  A necrophage (D:5)
  3 lemures
  2 phantoms
  3 scorpions
  A water moccasin zombie (D:5)
  3 orc priests (D:3)
  3 hounds (D:5)
  Jessica (D:2)
  2 iguanas
  2 orc wizards (D:5)
  A hound skeleton (D:4)
  7 adders
  2 worms (D:2)
  3 dart slugs
  12 orcs
  7 endoplasms
  10 giant cockroaches
  9 goblins
  4 hobgoblins
  2 jackals (D:1)
  6 quokkas
  9 ball pythons
  12 bats
  3 frilled lizards
  8 kobolds
  5 rats
128 creatures vanquished.

Vanquished Creatures (others)
  451 foxfires
451 creatures vanquished.

Grand Total: 579 creatures vanquished

Notes
Turn   | Place    | Note
-------+----------+-------------------------------------------
     0 | D:1      | funkygono the Gargoyle Fire Elementalist began the quest
                  | for the Orb.
     0 | D:1      | Reached XP level 1. HP: 10/10 MP: 3/3
   148 | D:1      | Reached XP level 2. HP: 15/15 MP: 3/5
   151 | D:1      | Learned a level 2 spell: Scorch
   175 | D:1      | Found a faded altar of an unknown god.
   722 | D:1      | Reached XP level 3. HP: 19/19 MP: 2/6
   726 | D:1      | Learned a level 3 spell: Conjure Flame
  1833 | D:2      | Found Uhiacafa's Weapon Shoppe.
  1972 | D:2      | Reached XP level 4. HP: 24/24 MP: 4/7
  2639 | D:2      | Noticed Jessica
  2645 | D:2      | Killed Jessica
  3111 | D:3      | Reached XP level 5. HP: 28/28 MP: 7/9
  3311 | D:3      | Noticed a phantom
  3332 | D:3      | Killed a phantom
  3333 | D:3      | Reached XP level 6. HP: 21/33 MP: 0/11
  3438 | D:3      | Found a glowing drain.
  3445 | Sewer    | Entered a sewer
  3505 | Sewer    | Noticed Purgy
  3515 | Sewer    | Killed Purgy
  3516 | Sewer    | Reached skill level 5 in Fire Magic
  3828 | D:3      | Learned a level 4 spell: Flame Wave
  4304 | D:4      | Noticed a black bear
  4384 | D:4      | Noticed a black bear
  4392 | D:4      | Killed a black bear
  4393 | D:4      | Reached skill level 1 in Maces & Flails
  4393 | D:4      | Reached XP level 7. HP: 37/37 MP: 3/13
  5210 | D:4      | Reached skill level 1 in Fighting
  5443 | D:5      | Entered Level 5 of the Dungeon
  5494 | D:5      | Reached skill level 5 in Spellcasting
  5523 | D:5      | Reached XP level 8. HP: 43/43 MP: 9/15
  6014 | D:5      | Noticed Pikel
  6032 | D:5      | Reached skill level 5 in Conjurations
  6276 | D:4      | HP: 2/43 [Pikel (1)]
  6593 | D:4      | Killed Pikel
  6594 | D:4      | Reached XP level 9. HP: 47/47 MP: 10/19
  6770 | D:5      | Noticed Grinder
  6773 | D:5      | Noticed Edmund
  6778 | D:5      | Killed Grinder
  6844 | D:5      | HP: 2/47 [Edmund (10)]
  6852 | D:5      | Mangled by Edmund

Illustrated notes

Levels and vault maps discovered:
D:1:      minmay_arrival_open_corners, layout_basic,
          hellmonk_ecumenical_altar_run_dry
D:2:      minmay_diamond_boxcup, layout_basic, serial_shops, nicolae_shop_trees,
          nrook_mini_vaults, uniq_jessica
D:3:      layout_loops_ring, portal_sewer_entry_b
D:4:      layout_cave_pools, minivault_1, minmay_fractal_squares_gapless_5
D:5:      layout_cave_pools, minmay_temple_entry_fiery, uniq_edmund, uniq_pikel,
          uniq_grinder

Skill      XL: |  1  2  3  4  5  6  7  8  9 |
---------------+----------------------------+-----
Fire Magic     | 4 5 6 7 |  7.2
Spellcasting   | 3 4 5 6 7 |  7.2
Conjurations   | 2 3 4 5 |  5.7
Maces & Flails | 1 |  1.3
Dodging        | 2 |  2.5
Fighting       | 1 |  1.4
Stealth        | |  2.1

Action                   |  1- 3 |  4- 6 |  7- 9 || total
-------------------------+-------+-------+-------++-------
Melee: Unarmed           |    11 |       |       ||    11
       Club              |     2 |       |       ||     2
       Whip              |    15 |    56 |    23 ||    94
 Cast: Foxfire           |    41 |    93 |   131 ||   265
       Scorch            |    10 |     9 |    13 ||    32
  Use: Scroll            |       |     4 |     6 ||    10
       Potion            |       |     1 |     3 ||     4
Armor: Robe              |    20 |    33 |    18 ||    71
Dodge: Dodged            |    22 |    42 |    38 ||   102

Table legend: (Time is in decaauts)
 A = Elapsed time spent in this place.
 B = Non-inter-level travel time spent in this place.
 C = Inter-level travel time spent in this place.
 D = Time resting spent in this place.
 E = Time spent auto-exploring this place.
 F = Levels seen in this place.
 G = Mean time per level.
                   A        B        C        D        E       F      G
               +--------+--------+--------+--------+--------+-----+--------+
         Total |   6864 |   6770 |     94 |   1937 |   2091 |   6 | 1144.0 |
       Dungeon |   6685 |   6591 |     94 |   1847 |   2091 |   5 | 1337.0 |
         Sewer |    178 |    178 |      0 |     90 |      0 |   1 |  178.0 |
               +--------+--------+--------+--------+--------+-----+--------+

Top non-repeatable levels by time:
     D:2: 1603 daAuts
     D:4: 1514 daAuts
     D:1: 1459 daAuts
     D:3: 1301 daAuts
     D:5: 807 daAuts
   Sewer: 178 daAuts
